 Dungeon Crawl Stone Soup version 0.20.1-1-g8b1a95d (webtiles) character file.

89143 Jazqa the Cleaver (level 16, 0/117 HPs)
             Began as a Halfling Fighter on Oct 30, 2017.
             Was the Champion of Okawaru.
             Slain by Donald
             ... wielding a +1 scimitar of holy wrath
              (25 damage)
             ... on level 2 of the Swamp.
             The game lasted 00:52:47 (31745 turns).

Jazqa the Cleaver (Halfling Fighter)               Turns: 31745, Time: 00:52:47

Health: 0/117      AC: 25    Str: 27    XL:     16   Next: 43%
Magic:  21/24      EV: 22    Int:  6    God:    Okawaru [******]
Gold:   1631       SH: 19    Dex: 24    Spells: 15/15 levels left

rFire    + + .     SeeInvis .   b - +2 war axe (flame)
rCold    + + .     Gourm    .   V - +2 shield
rNeg     . . .     Faith    .   i - +0 plate armour {MR+}
rPois    +         Spirit   .   q - +0 helmet
rElec    +         Reflect  .   l - scarf "Poras" {*Contam Str+2 Dex+3}
rCorr    +         Harm     .   T - +0 pair of gloves {Str+3}
MR       ++...                  E - +2 pair of boots {Fly}
Stlth    ..........             D - amulet of magic regeneration
Regen    0.3/turn               C - ring of protection from cold
MPRegen  0.3/turn               d - ring of Propriety {rPois rF+}

@: agile, resistant, heroism, finesse, very slightly contaminated
A: mutation resistance 1
a: Heroism, Finesse, Renounce Religion, Evoke Flight


You were on level 2 of the Swamp.
You worshipped Okawaru.
Okawaru was exalted by your worship.
You were not hungry.

You visited 5 branches of the dungeon, and saw 24 of its levels.

You collected 2633 gold pieces.
You spent 1002 gold pieces at shops.


Innate Abilities, Weirdness & Mutations

You are small and have problems with some larger weapons.
You are somewhat resistant to further mutation.


   Skills:
 + Level 13.2(18.2) Fighting
 - Level 14.0(19.0) Axes
 + Level 12.8(17.8) Armour
 + Level 3.1(8.1) Dodging
 + Level 12.8(17.8) Shields
 + Level 11.9 Invocations


You had 15 spell levels left.
You didn't know any spells.

Inventory:

Hand Weapons
 a - a +4 war axe of freezing
 b - a +2 war axe of flaming (weapon)
Armour
 i - a +0 plate armour of magic resistance (worn)
 l - the scarf "Poras" (worn) {*Contam Str+2 Dex+3}
   (Okawaru gifted it to you on level 4 of the Lair of Beasts)

   It affects your strength (+2).
   It affects your dexterity (+3).
   It causes magical contamination when unequipped.
 q - a +0 helmet (worn)
 E - a +2 pair of boots of flying (worn)
 T - a +0 pair of gloves of strength (worn)
 V - a +2 shield (worn)
Jewellery
 d - the ring of Propriety (right hand) {rPois rF+}
   (You bought it in a shop on level 1 of the Orcish Mines)

   [ring of poison resistance]

   It protects you from fire.
   It protects you from poison.
 v - an uncursed ring of see invisible
 C - a ring of protection from cold (left hand)
 D - an amulet of magic regeneration (around neck)
 N - an uncursed ring of positive energy
 R - an uncursed ring of resist corrosion
Wands
 k - a wand of polymorph (14/24)
 B - a wand of lightning (10/15)
 F - a wand of confusion (29/48)
 I - a wand of clouds (7/9)
 U - a wand of flame (29/48)
Scrolls
 h - 8 scrolls of identify {@r1}
 s - 9 scrolls of teleportation {@r4}
 w - a scroll of summoning
 x - 7 scrolls of fear
 y - 6 scrolls of remove curse {@r2}
 A - 2 scrolls of enchant weapon
 G - 3 scrolls of recharging
 L - 3 scrolls of amnesia
 M - a scroll of magic mapping
 O - a scroll of enchant armour
 Q - a scroll of fog
Potions
 e - 5 potions of flight
 j - a potion of cancellation
 m - 3 potions of agility
 n - 3 potions of lignification {!q}
 o - 3 potions of mutation {!q}
 r - 5 potions of haste {@q3}
 t - 4 potions of resistance
 u - 4 potions of invisibility
 K - 3 potions of curing {@q1}
 P - 2 potions of magic
Miscellaneous
 S - a sack of spiders
Comestibles
 f - 12 bread rations {@e1}
 g - 15 meat rations {@e1}
 z - 11 royal jellies {@e3}
 J - 21 fruits {@e2}

Dungeon Overview and Level Annotations

Branches:
Dungeon (14/15)            Temple (1/1) D:4            Lair (6/6) D:11
  Swamp (2/4) Lair:2        Snake (0/4) Lair:2        Slime (0/5) Lair:5
    Orc (2/2) D:11            Elf (0/3) Orc:2
 Vaults: D:13-14

Altars:
Ashenzari
Cheibriados
Dithmenos
Fedhas
Gozag
Kikubaaqudgha
Makhleb
Nemelex Xobeh
Okawaru
Ru
Sif Muna
Trog
Xom
Yredelemnul
The Shining One
Jiyva

Shops:
D:5 ?   D:8 !   D:13 !   Orc:1 =   Orc:2 %??(*

Annotations:
Swamp:2 Donald

♣♣<†§≈.♣♣.≈≈≈...........≈≈.≈♣
♣≈
≈♣..≈≈.♣♣....≈≈....≈.≈≈≈≈...♣♣
♣≈
≈..≈≈≈..♣..♣.≈..≈≈≈.[≈≈≈≈..≈.♣
♣.
..♣.≈≈......♣≈♣.≈≈≈≈.≈≈.≈≈♣♣♣♣
♣♣
.♣♣♣♣..≈.≈≈≈≈♣♣≈..≈.≈≈≈...♣♣ ♣
♣≈.≈≈≈.≈♣♣....≈≈≈≈≈≈≈≈..♣♣
♣♣.≈≈...≈≈)......≈≈≈≈≈≈≈.♣
♣♣..≈♣♣≈≈≈≈..≈≈≈≈§..≈≈≈.♣♣♣♣≈
♣♣♣♣♣♣).≈≈≈@@≈≈....≈≈≈......
♣...≈.♣♣♣♣≈...≈≈≈≈.≈...
♣♣♣≈≈.♣ ♣♣§♣♣.≈≈...... ♣♣<♣♣
♣♣♣♣♣≈≈........ ♣♣♣
♣♣.......♣≈.....
≈≈≈≈≈≈...♣..##.# ≈≈≈≈≈≈......#
≈≈≈≈≈≈....@#....
≈≈≈≈≈.....#..♣≈.


You could see Donald.


Message History

Donald mumbles some strange words.
Donald seems to grow stronger.
Donald blocks your attack.
Donald is moderately wounded.
You barely miss Donald.
Donald is moderately wounded.
Donald says, "Okawaru's gifts are murder."
Donald hits you with a scimitar of holy wrath!!
* * * LOW HITPOINT WARNING * * *
You slice Donald!! You burn Donald!
Donald is severely wounded.
Unknown command.
You feel much better.
Donald hits you with a scimitar of holy wrath!!
* * * LOW HITPOINT WARNING * * *
Donald says, "What could mosquitoes possibly want with my blood?"
You block Donald's attack.
A swamp drake comes into view.
The swamp drake roars!
Blink to where?
Press: ? - help, Dir - move target cursor You are very lightly contaminated with residual magic.
As you read the scroll of blinking, it crumbles to dust.
You enter the shallow water.
Moving in this stuff is going to be slow.
You feel agile all of a sudden.
You slash Donald! You burn Donald.
Donald is almost dead.
Donald hits you with a scimitar of holy wrath!!
You die...

Skill      XL: |  1  2  3  4  5  6  7  8  9 10 11 12 13 14 15 16 |
---------------+-------------------------------------------------+-----
Fighting       | 3 4 5 6 7 8 9 10 11 12 13 | 13.2
Axes           | 3 4 5 6 7 8 9 11 12 13 14 | 14.0
Invocations    | 4 6 8 10 11 | 11.9
Armour         | 4 6 7 8 10 11 12 | 12.8
Shields        | 4 6 7 8 10 11 12 | 12.8
Dodging        | 3 |  3.1

Action                   |  1- 3 |  4- 6 |  7- 9 | 10-12 | 13-15 | 16-18 || total
-------------------------+-------+-------+-------+-------+-------+-------++-------
Melee: War axe           |    71 |   135 |   327 |   863 |  1291 |   198 ||  2885
       Morningstar       |       |       |       |       |    56 |    12 ||    68
Invok: Heroism           |       |       |     9 |    13 |    31 |     4 ||    57
       Finesse           |       |       |       |       |     7 |     1 ||     8
 Abil: Stop Flying       |       |       |       |     1 |       |       ||     1
Evoke: Wand              |       |       |       |       |     7 |       ||     7
       Sack of spiders   |       |       |       |       |     1 |       ||     1
  Use: Scroll            |     7 |       |     8 |     7 |    12 |     1 ||    35
       Potion            |       |     1 |     2 |     8 |    10 |     3 ||    24
 Stab: Invisible         |       |       |       |       |     8 |       ||     8
       Distracted        |       |       |       |       |     2 |       ||     2
       Confused          |       |       |       |       |       |     3 ||     3
  Eat: Chunk             |     1 |     7 |    13 |    23 |    37 |     4 ||    85
       Royal jelly       |       |       |       |     3 |     5 |       ||     8
       Fruit             |       |       |       |       |     4 |     1 ||     5
Armor: Scale mail        |    45 |    31 |       |       |       |       ||    76
       Ring mail         |       |       |    88 |   243 |   233 |       ||   564
       Plate armour      |       |       |       |       |   216 |    56 ||   272
Dodge: Dodged            |    39 |    54 |   102 |   342 |   400 |    54 ||   991
Block: Shield            |    59 |    72 |   175 |   546 |   936 |   151 ||  1939

Vault maps used:
D:1:      erik_arrival_blinker_ship
D:2:      kennysheep_big_flooded_room, lemuel_flame_loot_1
D:4:      temple_fountains
D:5:      first_bread, serial_shops, shop, kennysheep_generic_room_5
D:7:      grunt_livestock, uniq_duvessa
D:8:      serial_shops, nicolae_shop_crystal, nicolae_ossuary_entry_giza,
          minmay_lindwurm_lava
D:11:     lair_entry_dummy, hiddenorc2_lemuel, portal_ice_cave_entry_pillars_1
D:12:     serial_glass, glass_columns_c, glass_columns_a, glass_columns_b,
          glass_columns_a, yredelemnul_altar_generic
D:13:     serial_shops, shop
D:14:     lightli_vaults_fourway_checkpoint, hangedman_decor_growths,
          trog_wizard, uniq_josephine
Temple:   roderic_octagonal_lattice_temple
Lair:1:   serial_bayou_crossing
Lair:2:   minmay_swamp_entry_swarm, minmay_snake_entry_guardpost_small,
          hibernation_bobbens
Lair:3:   serial_bayou_shore_b, infiniplex_staircase_pool_2, lemuel_fruit_fields
Lair:5:   slime_altar_1, wad_woods_river_02, st_stairs_6
Lair:6:   minmay_lair_end_enchanted_forest, grunt_megastairs_3,
          serial_bayou_shore_a, lemuel_fruit_fields
Swamp:1:  serial_swamp_ruin, evilmike_swamp_ruin_rubble_2,
          evilmike_swamp_ruin_house_1, evilmike_swamp_ruin_house_5, swamp_pool5
Swamp:2:  evilmike_swamp_ruin_house_4, swamp_pool1, uniq_jorgrun, uniq_donald,
          uniq_nikola
Orc:1:    serial_shops, shop, enter_bailey_2, basic_altar, lightli_orcish_oven
Orc:2:    grunt_orc_tribal_feast, serial_shops,
          nicolae_shop_competitors_out_of_business

Notes
Turn   | Place    | Note
-------+----------+-------------------------------------------
     0 | D:1      | Jazqa the Halfling Fighter began the quest for the Orb.
     0 | D:1      | Reached XP level 1. HP: 15/15 MP: 1/1
    34 | D:1      | Reached XP level 2. HP: 20/20 MP: 2/2
    83 | D:1      | Reached skill level 3 in Fighting
   126 | D:1      | Reached XP level 3. HP: 6/26 MP: 3/3
   802 | D:2      | Reached skill level 3 in Axes
  1149 | D:2      | Reached XP level 4. HP: 28/32 MP: 4/4
  1653 | D:2      | You fall through a shaft for 2 floors!
  1718 | D:4      | Reached skill level 4 in Fighting
  1718 | D:4      | Reached XP level 5. HP: 36/37 MP: 5/5
  1866 | D:4      | Found a staircase to the Ecumenical Temple.
  1870 | D:4      | Noticed a bullfrog
  1885 | D:4      | Killed a bullfrog
  1885 | D:4      | Reached skill level 4 in Axes
  1885 | D:4      | Reached XP level 6. HP: 19/44 MP: 6/6
  2044 | Temple   | Entered the Ecumenical Temple
  2172 | Temple   | Became a worshipper of Warmaster Okawaru
  2601 | D:4      | Reached skill level 5 in Fighting
  3163 | D:5      | Entered Level 5 of the Dungeon
  3218 | D:5      | Noticed Lucio's ghost (novice CeWr)
  3554 | D:5      | Noticed an ogre
  3571 | D:5      | Killed an ogre
  3571 | D:5      | Reached * piety under Okawaru
  3571 | D:5      | Reached skill level 5 in Axes
  3571 | D:5      | Reached XP level 7. HP: 50/50 MP: 7/7
  4012 | D:5      | Found Goudam's Magic Scroll Shop.
  4055 | D:5      | Reached skill level 6 in Fighting
  4055 | D:5      | Reached skill level 6 in Axes
  4055 | D:5      | Reached XP level 8. HP: 31/57 MP: 8/8
  4476 | D:5      | Killed Lucio's ghost
  4476 | D:5      | Reached ** piety under Okawaru
  4905 | D:5      | Reached skill level 7 in Fighting
  4905 | D:5      | Reached skill level 7 in Axes
  5253 | D:6      | Reached XP level 9. HP: 49/64 MP: 7/9
  5310 | D:6      | Reached skill level 1 in Invocations
  5501 | D:6      | Reached skill level 2 in Invocations
  5758 | D:6      | Reached skill level 8 in Axes
  5758 | D:6      | Reached skill level 3 in Invocations
  5914 | D:6      | Reached skill level 8 in Fighting
  6354 | D:7      | Noticed Dowan
  6355 | D:7      | Noticed Duvessa
  6377 | D:7      | Killed Duvessa
  6393 | D:7      | Killed Dowan
  6393 | D:7      | Reached *** piety under Okawaru
  6393 | D:7      | Reached skill level 4 in Invocations
  7103 | D:7      | HP: 6/66 [human/hand axe (5)]
  7398 | D:8      | Noticed a two-headed ogre
  7403 | D:8      | Reached skill level 4 in Armour
  7521 | D:8      | Killed a two-headed ogre
  7521 | D:8      | Reached **** piety under Okawaru
  7521 | D:8      | Reached skill level 4 in Shields
  7521 | D:8      | Reached XP level 10. HP: 26/73 MP: 10/13
  7522 | D:8      | Reached skill level 9 in Axes
  7534 | D:8      | Reached skill level 5 in Armour
  7850 | D:8      | Found Oskeirit's Distillery.
  7870 | D:8      | Reached skill level 5 in Shields
  7874 | D:8      | Bought a potion of resistance for 120 gold pieces
  7874 | D:8      | Bought a potion of heal wounds for 60 gold pieces
  7874 | D:8      | Bought a potion of lignification for 36 gold pieces
  8658 | D:8      | Noticed a lindwurm
  8674 | D:8      | Noticed a lindwurm
  8676 | D:8      | Noticed a lindwurm
  8683 | D:8      | Reached skill level 9 in Fighting
  9245 | D:7      | Reached skill level 6 in Shields
  9404 | D:7      | Reached skill level 6 in Armour
  9727 | D:8      | Reached XP level 11. HP: 58/80 MP: 14/14
 10121 | D:8      | Noticed a lindwurm
 10418 | D:9      | Reached ***** piety under Okawaru
 11044 | D:9      | Reached skill level 10 in Axes
 11234 | D:9      | Noticed a two-headed ogre
 11242 | D:9      | Killed a two-headed ogre
 11242 | D:9      | Received a gift from Okawaru
 11452 | D:10     | Entered Level 10 of the Dungeon
 11656 | D:10     | Reached skill level 10 in Fighting
 12733 | D:11     | Found a staircase to the Lair.
 12777 | D:11     | Reached skill level 7 in Shields
 12806 | D:11     | Found a staircase to the Orcish Mines.
 13010 | Lair:1   | Entered Level 1 of the Lair of Beasts
 13028 | Lair:1   | Reached skill level 11 in Axes
 13028 | Lair:1   | Reached skill level 7 in Armour
 13146 | Lair:1   | Got a heavily runed ring mail
 13159 | Lair:1   | Identified the +1 ring mail of the Manifold Places {+Inv rElec} (You found it on level 1 of the Lair of Beasts)
 13211 | Lair:1   | Reached XP level 12. HP: 63/88 MP: 15/15
 13503 | Lair:1   | HP: 8/89 [yak (9)]
 13505 | Lair:1   | HP: 3/89 [yak (8)]
 13509 | Lair:1   | Reached skill level 5 in Invocations
 13512 | Lair:1   | Received a gift from Okawaru
 14345 | Lair:2   | Found a staircase to the Snake Pit.
 14566 | Lair:2   | Reached skill level 8 in Shields
 14703 | Lair:2   | Reached skill level 8 in Armour
 14733 | Lair:2   | Found a staircase to the Swamp.
 15026 | Lair:3   | Reached skill level 6 in Invocations
 15534 | Lair:3   | Reached skill level 11 in Fighting
 16074 | Lair:3   | Reached XP level 13. HP: 19/95 MP: 17/17
 16895 | Lair:4   | Received a gift from Okawaru
 16906 | Lair:4   | Got a smoking scarf {god gift}
 17130 | Lair:4   | Reached skill level 12 in Axes
 17130 | Lair:4   | Reached skill level 9 in Armour
 17578 | Lair:4   | Reached skill level 7 in Invocations
 17666 | Lair:4   | Reached skill level 9 in Shields
 18194 | Lair:5   | Identified the scarf "Poras" {*Contam Str+2 Dex+3} (Okawaru gifted it to you on level 4 of the Lair of Beasts)
 18657 | Lair:5   | Found a staircase to the Slime Pits.
 18657 | Lair:5   | Found a viscous altar of Jiyva.
 19801 | Lair:5   | Noticed a seven-headed hydra
 19809 | Lair:5   | Killed a seven-headed hydra
 19964 | Lair:5   | Noticed a five-headed hydra
 19976 | Lair:5   | Killed a five-headed hydra
 20226 | Lair:5   | Reached skill level 8 in Invocations
 20551 | Lair:6   | Entered Level 6 of the Lair of Beasts
 20585 | Lair:6   | Noticed a six-headed hydra
 20872 | Lair:5   | Reached skill level 10 in Armour
 21303 | Lair:5   | Reached ****** piety under Okawaru
 21303 | Lair:5   | Reached skill level 10 in Shields
 21618 | Lair:5   | Reached XP level 14. HP: 70/102 MP: 17/20
 22001 | Lair:5   | Reached skill level 12 in Fighting
 22453 | Lair:6   | Reached skill level 9 in Invocations
 22468 | Lair:6   | Received a gift from Okawaru
 22709 | Lair:6   | Received a gift from Okawaru
 22725 | Lair:6   | Reached skill level 13 in Axes
 23041 | Lair:6   | Reached skill level 11 in Armour
 23285 | Lair:6   | Reached skill level 11 in Shields
 23400 | Lair:6   | HP: 10/104 [poisoned by a spiny frog]
 23405 | Lair:6   | HP: 9/104 [poisoned by a spiny frog]
 23412 | Lair:6   | HP: 9/104 [poisoned by a spiny frog]
 23420 | Lair:6   | HP: 9/104 [poisoned by a spiny frog]
 23775 | Lair:6   | Reached skill level 10 in Invocations
 23934 | Lair:6   | Reached XP level 15. HP: 70/109 MP: 19/22
 25005 | Orc:1    | Entered Level 1 of the Orcish Mines
 25013 | Orc:1    | Paralysed by an orc sorcerer for 5 turns
 25036 | Orc:1    | HP: 10/163 [orc warrior/enchanted short sword (12)]
 25778 | Orc:1    | Found a burning altar of Makhleb.
 26003 | Orc:2    | Entered Level 2 of the Orcish Mines
 26278 | Orc:1    | Found Xeasherch's Jewellery Boutique.
 26300 | Orc:1    | Bought the ring of Propriety {rPois rF+} for 510 gold pieces
 27077 | Orc:2    | Found a staircase to the Elven Halls.
 27107 | Orc:2    | Found Doicsiople's General Store.
 27363 | Orc:2    | Found Kag Kisch's Antique Weapon Shop.
 27363 | Orc:2    | Found Zeonus's Food Emporium.
 27365 | Orc:2    | Found Yhogo's Magic Scroll Shop.
 27365 | Orc:2    | Found Ufrogul's Magic Scroll Emporium.
 27373 | Orc:2    | Bought a scroll of blinking for 82 gold pieces
 27373 | Orc:2    | Bought a scroll of summoning for 104 gold pieces
 27374 | Orc:2    | Bought a scroll of enchant weapon for 90 gold pieces
 27761 | D:11     | Reached skill level 12 in Shields
 27802 | D:11     | Received a gift from Okawaru
 28375 | D:12     | Reached skill level 12 in Armour
 28375 | D:12     | Reached skill level 11 in Invocations
 28632 | D:12     | Found a basalt altar of Yredelemnul.
 29533 | D:13     | Found Cacurhir's Distillery.
 29786 | D:14     | Noticed Josephine
 29793 | D:14     | Killed Josephine
 30030 | Swamp:1  | Entered Level 1 of the Swamp
 30078 | Swamp:1  | Reached skill level 14 in Axes
 30229 | Swamp:1  | Reached skill level 13 in Fighting
 30319 | Swamp:1  | Reached XP level 16. HP: 105/117 MP: 22/24
 30433 | Swamp:1  | Received a gift from Okawaru
 30978 | Swamp:1  | Reached skill level 1 in Dodging
 31271 | Swamp:2  | Reached skill level 2 in Dodging
 31704 | Swamp:2  | Noticed Nikola
 31723 | Swamp:2  | Noticed Donald
 31724 | Swamp:2  | Killed Nikola
 31724 | Swamp:2  | Reached skill level 3 in Dodging
 31745 | Swamp:2  | Slain by Donald

Vanquished Creatures
  Nikola (Swamp:2)
  Josephine (D:14)
  13 hydras
  3 two-headed ogres
  4 alligators
  17 death yaks
  12 spriggans
  4 orc high priests (Orc:2)
  An unseen horror (D:12)
  6 orc knights
  A deep elf mage (D:13)
  2 ugly things
  4 orc sorcerers
  An oklob plant (Lair:3)
  5 black mambas
  The ghost of Lucio the Poker, a novice CeWr of Okawaru (D:5)
  23 spiny frogs
  A torpor snail (Lair:5)
  11 komodo dragons
  2 rime drakes
  5 centaur skeletons
  4 trolls
  6 polar bears (Lair:6)
  4 tyrant leeches
  7 hornets
  24 blink frogs
  3 dream sheep
  11 hippogriffs
  8 slime creatures (Swamp:2)
  3 wyverns
  3 wraiths (D:14)
  A human (D:7)
  26 yaks
  2 hogs (D:7)
  A basilisk (Lair:6)
  7 vampire mosquitoes (Lair:2)
  2 nagas (Lair:2)
  A soldier ant (D:13)
  9 swamp worms
  A warg (Orc:1)
  15 water moccasins
  13 porcupines
  6 swamp drakes
  Duvessa (D:7)
  2 black bears
  A hornet zombie (D:13)
  A necrophage (Lair:1)
  4 sky beasts
  28 orc warriors
  2 phantoms
  2 eyes of draining
  7 ice beasts
  13 ogres
  5 boggarts (Lair:6)
  32 wolves
  3 centaurs
  16 crocodiles
  13 bullfrogs
  A gnoll sergeant (D:9)
  Dowan (D:7)
  4 scorpions
  18 wights
  17 killer bees
  2 electric eels (Lair:5)
  3 crimson imps
  6 hounds
  2 jellies (D:11)
  3 bullfrog skeletons
  23 orc priests
  21 orc wizards
  5 iguanas
  8 worker ants
  A hound zombie (D:8)
  A mummy (D:8)
  A howler monkey zombie (D:8)
  7 gnolls
  A howler monkey skeleton (D:4)
  10 adders
  4 shadow imps
  2 oozes
  An adder skeleton (D:5)
  5 worms
  5 leopard geckos
  110 orcs
  A giant cockroach (D:2)
  5 goblins
  3 hobgoblins
  7 jackals
  7 kobolds
  6 quokkas
  7 bats
  3 frilled lizards
  2 kobold zombies (D:8)
  A leopard gecko skeleton (D:4)
  A quokka zombie (D:6)
  3 rats (D:1)
  5 fungi
  4 plants (Lair:6)
722 creatures vanquished.

Vanquished Creatures (others)
  21 fungi
  10 plants
31 creatures vanquished.

Grand Total: 753 creatures vanquished
